 Dungeon Crawl Stone Soup version 0.18.1-50-g88ac8fd (webtiles) character file.

218 Kwzr the Grasshopper (level 5, -3/43 HPs)
             Began as a Demonspawn Warper on Oct 24, 2016.
             Slain by a mummy (11 damage)
             ... in an ossuary.
             The game lasted 00:13:52 (3157 turns).

Kwzr the Grasshopper (Demonspawn Warper)            Turns: 3157, Time: 00:13:53

Health: -3/43      AC:  5    Str: 12    XL:     5   Next: 63%
Magic:  0/8        EV: 12    Int: 14    God:
Gold:   92         SH:  0    Dex: 13    Spells: 2 memorised, 5 levels left

rFire  . . .     SeeInvis .     a - +0 mace
rCold  + . .     Gourm    .     b - +0 leather armour
rNeg   . . .     Faith    .     (no shield)
rPois  .         Spirit   +     (no helmet)
rElec  .         Dismiss  .     (no cloak)
rCorr  .         Reflect  .     (no gloves)
SustAt .         Harm     .     (no boots)
MR     .....                    (no amulet)
Stlth  +.........               (no ring)
                                j - ring of protection from cold

@: not resistant to hostile enchantments, very unstealthy
A: rugged brown scales 2, magic shield
a: no special abilities


You were in an ossuary.
You were not hungry.

You visited 1 branch of the dungeon, and saw 4 of its levels.
You also visited: Ossuary.

You collected 92 gold pieces.

Inventory:

Hand Weapons
 a - a +0 mace (weapon)
Missiles
 e - 4 tomahawks of dispersal
 g - a tomahawk (quivered)
 i - 2 poisoned javelins
Armour
 b - a +0 leather armour (worn)
Jewellery
 j - a ring of protection from cold (left hand)
Scrolls
 d - a scroll of blinking
 h - 2 scrolls of identify {unknown}
 l - a scroll of recharging {unknown}
 n - a scroll of amnesia {unknown}
 o - 2 scrolls of remove curse {unknown}
 q - a scroll of enchant weapon {unknown}
 r - 2 scrolls of immolation {unknown}
 u - a scroll of fog {unknown}
Potions
 m - 2 potions of mutation {unknown}
 p - 2 potions of flight
 s - a potion of might {unknown}
 t - a potion of degeneration {unknown}
 v - a potion of invisibility {unknown}
Books
 c - a book of Spatial Translocations

   Spells                             Type                      Level
   a - Apportation                    Translocation                1
   b - Blink                          Translocation                2
   c - Shroud of Golubria             Charms/Translocation         2
   d - Portal Projectile              Translocation                3
   e - Teleport Other                 Translocation                3
   f - Passage of Golubria            Translocation                4
Comestibles
 f - 2 bread rations


   Skills:
 + Level 3.1 Fighting
 + Level 2.8 Maces & Flails
 - Level 0.8 Throwing
 + Level 2.4 Armour
 + Level 3.0 Dodging
 + Level 2.0 Spellcasting
 + Level 3.3 Translocations


You had 5 spell levels left.
You knew the following spells:

 Your Spells              Type           Power        Failure   Level  Hunger
a - Apportation           Tloc           ##........   10%         1    ##.....
b - Blink                 Tloc           N/A          14%         2    ###....


Dungeon Overview and Level Annotations

Branches:
Dungeon (4/15)
 Temple: D:4-7

Altars:

Portals:
Sewer: D:3


Innate Abilities, Weirdness & Mutations

You are mostly covered in rugged brown scales (AC +2, +5% HP).
When hurt, damage is shared between your health and your magic reserves.


Message History

The mummy is heavily damaged.
The mummy closely misses you.
You hit the mummy.
The mummy is severely damaged.
The mummy hits you!
* * * LOW HITPOINT WARNING * * *
You hit the mummy.
The mummy is almost destroyed.
You hit the mummy but do no damage.
The mummy is almost destroyed.
The mummy barely misses you.
You barely miss the mummy.
The mummy is almost destroyed.
The mummy hits you!
* * * LOW HITPOINT WARNING * * *
You closely miss the mummy.
The mummy is almost destroyed.
Drink which item? (? for menu, Esc to quit)
You feel better. The mummy hits you!
You die...

######################
#...#...#....#...#..∩#
#..^'.∩.'?().#.∩.'...#
#.(^#...#!.M@#...#...#
#..^##############^^.#
#^^.# #^..# ##'##
#'### #.(.# #...#
#...# #...# #.M.#
#...# #...# #...#
###'# ##'##


You could see a mummy.

Vanquished Creatures
  A water moccasin zombie (Ossuary)
  2 big kobold zombies (Ossuary)
  A mummy (Ossuary)
  2 gnolls (D:2)
  6 adder zombies (Ossuary)
  4 worms
  An orc (D:4)
  8 gnoll zombies (Ossuary)
  4 hobgoblins
  2 jackals (D:4)
  A quokka (D:2)
  A ball python (D:2)
  6 bats
  3 giant newts (D:1)
  3 goblins
  6 hobgoblin zombies (Ossuary)
  8 kobolds
  6 kobold zombies (Ossuary)
  7 orc zombies (Ossuary)
  3 rats
75 creatures vanquished.

Notes
Turn   | Place    | Note
--------------------------------------------------------------
     0 | D:1      | Kwzr the Demonspawn Warper began the quest for the Orb.
     0 | D:1      | Reached XP level 1. HP: 16/16 MP: 3/3
   298 | D:1      | Gained mutation: When hurt, damage is shared between your health and your magic reserves. [demonic ancestry]
   298 | D:1      | Reached XP level 2. HP: 12/22 MP: 5/5
   378 | D:1      | Learned a level 2 spell: Blink
   795 | D:1      | Reached skill level 1 in Armour
  1447 | D:2      | Reached XP level 3. HP: 24/27 MP: 6/6
  1757 | D:3      | Found a glowing drain.
  1973 | D:4      | Gained mutation: You are partially covered in rugged brown scales (AC +1, +3% HP). [demonic ancestry]
  1973 | D:4      | Reached XP level 4. HP: 21/33 MP: 5/7
  2006 | D:4      | Found a sand-covered staircase.
  2098 | Ossuary  | Entered an ossuary
  2326 | Ossuary  | Gained mutation: You are mostly covered in rugged brown scales (AC +2, +5% HP). [demonic ancestry]
  2326 | Ossuary  | Reached XP level 5. HP: 10/42 MP: 3/8
  3102 | Ossuary  | HP: 2/43 [poison (a needle trap)]
  3157 | Ossuary  | Slain by a mummy

Skill      XL: |  1  2  3  4  5 |
---------------+----------------+-----
Translocations | 3 |  3.3
Dodging        | 2 3 |  3.0
Armour         | 1 2 |  2.4
Maces & Flails | 2 |  2.8
Fighting       | 3 |  3.1
Throwing       | |  0.8
Spellcasting   | |  2.0

Action                   |  1- 3 |  4- 6 || total
-------------------------+-------+-------++-------
Melee: Mace              |   131 |   232 ||   363
Throw: Javelin           |    14 |       ||    14
       Tomahawk          |     5 |     3 ||     8
 Cast: Blink             |     2 |       ||     2
  Use: Potion            |       |     4 ||     4
 Stab: Sleeping          |     1 |       ||     1
  Eat: Chunk             |     2 |       ||     2
       Bread ration      |     1 |       ||     1
       Pizza             |       |     1 ||     1
Armor: Leather armour    |    53 |    37 ||    90
Dodge: Dodged            |   130 |   135 ||   265
